 Dungeon Crawl Stone Soup version 0.31-a0-851-g7ff8af7976 (webtiles) character file.

Game seed: 2810492864874412162

92 BinkBink the Trooper (level 4, -1/41 HPs)
             Began as a Minotaur Berserker on Oct 5, 2023.
             Was a Believer of Trog.
             Slain by a gnoll
             ... wielding a +0 flail
              (11 damage)
             ... on level 4 of the Dungeon.
             The game lasted 00:02:22 (2378 turns).

BinkBink the Trooper (Minotaur Berserker)           Turns: 2378, Time: 00:02:23

Health: -1/41      AC:  2    Str: 24    XL:     4   Next: 35%
Magic:  3/3        EV: 12    Int:  4    God:    Trog [**....]
Gold:   169        SH:  0    Dex:  9    Spells: 3/3 levels left

rFire   . . .        a - +0 hand axe
rCold   . . .        (no shield)
rNeg    . . .        b - +0 animal skin
rPois   .            (helmet restricted)
rElec   .            e - scarf {shadows}
rCorr   .            (no gloves)
SInv    .            (no boots)
Will    +++..        (no amulet)
Stlth   +            (no ring)
HPRegen 1.26/turn    (no ring)
MPRegen 0.08/turn

%: no passive effects
@: brilliant, strong-willed, enlightened, flying, regenerating
A: horns 2, retaliatory headbutt
a: Renounce Religion, Berserk, Trog's Hand


You were on level 4 of the Dungeon.
You worshipped Trog.
Trog was pleased with you.
You visited 1 branch of the dungeon, and saw 4 of its levels.

You collected 169 gold pieces.

Inventory:

Hand Weapons
 a - a +0 hand axe (weapon)
Armour
 b - a +0 animal skin (worn)
 e - a scarf of shadows (worn)
Jewellery
 f - an amulet of magic regeneration
 q - a +4 ring of protection
Scrolls
 c - 5 scrolls of identify {unknown}
 d - 2 scrolls of teleportation {unknown}
 g - a scroll of fog {unknown}
 l - a scroll of noise {unknown}
 n - a scroll of enchant weapon {unknown}
 o - a scroll of vulnerability {unknown}
 r - a scroll of brand weapon {unknown}
Potions
 i - a potion of mutation {unknown}
 j - a potion of lignification {unknown}
 k - a potion of resistance {unknown}
 m - a potion of curing {unknown}
 p - a potion of ambrosia {unknown}
 s - a potion of enlightenment


   Skills:
 + Level 4.5 Fighting
 + Level 4.4 Axes
 + Level 3.5 Armour
 + Level 3.1 Dodging


You had 3 spell levels left.
You didn't know any spells.
Your spell library was empty.

Dungeon Overview and Level Annotations

Branches:
Dungeon (4/15)
 Temple: D:4-7

Altars:
Okawaru
Yredelemnul

Annotations:
D:3 1 runed translucent door


Innate Abilities, Weirdness & Mutations

You have a pair of horns on your head.
You reflexively headbutt those who attack you in melee.


Message History

The adder bites you. x2
You hit the adder.
You kill the adder!
Trog accepts your kill.
No target in view!
No target in view!
You see here an adder corpse.
A gnoll comes into view. It is wielding a +0 spear.
You see here a purple potion.
A gnoll is nearby!
A gnoll is nearby!
A gnoll is nearby!
A goblin and a gnoll come into view.
The goblin shouts!
The gnoll shouts! x2
A gnoll comes into view. It is wielding a +0 club.
The gnoll hits you with a +0 spear.
You hit the gnoll.
The gnoll is moderately wounded.
The gnoll hits you with a +0 spear! The gnoll hits you with a +0 flail!
The gnoll hits you from afar with a +0 spear.
The goblin hits you but does no damage. The gnoll attacks as it pursues you!
The gnoll hits you with a +0 flail!
* * * LOW HITPOINT WARNING * * *
Your skin crawls.
You feel strong-willed. The gnoll barely misses you. x2
It was a potion of enlightenment.
You feel very buoyant.
You fly up into the air.
The gnoll hits you but does no damage. The gnoll misses you.
It was a potion of brilliance.
You feel clever all of a sudden.
The gnoll hits you from afar with a +0 spear.
* * * LOW HITPOINT WARNING * * *
The gnoll closely misses you.
You hit the gnoll.
The gnoll is lightly wounded.
The gnoll hits you but does no damage. The gnoll hits you with a +0 flail!
You die...

###### #....#############
#....#............
#....#............
#.!.†'...†........
########@...##...##.)..##
......gg##+#########+####
......gg# #......
........# ... #......
........# .....##....##
####....# .....##....##
#....# #...##....##
########+##...##......
#................


You could see 3 gnolls and a goblin.

Vanquished Creatures
  2 adders (D:4)
  2 worms (D:2)
  4 dart slugs
  5 endoplasms
  A giant cockroach (D:1)
  7 goblins
  3 hobgoblins (D:1)
  12 jackals
  2 quokkas (D:1)
  5 ball pythons
  A bat (D:2)
  5 frilled lizards
  2 kobolds (D:1)
  A kobold zombie (D:3)
  5 rats
57 creatures vanquished.

Notes
Turn   | Place    | Note
-------+----------+-------------------------------------------
     0 | D:1      | BinkBink the Minotaur Berserker began the quest for the
                  | Orb.
     0 | D:1      | Reached XP level 1. HP: 19/19 MP: 0/0
    74 | D:1      | Found a faded altar of an unknown god.
   104 | D:1      | Reached XP level 2. HP: 22/27 MP: 1/1
   313 | D:1      | You fall into a shaft and drop 1 floor!
   506 | D:2      | Reached XP level 3. HP: 33/33 MP: 2/2
   601 | D:2      | Reached ** piety under Trog
  1784 | D:3      | Reached XP level 4. HP: 36/41 MP: 3/3
  2010 | D:3      | Noticed a human
  2011 | D:3      | Found a runed translucent door.
  2015 | D:3      | Found a basalt altar of Yredelemnul.
  2086 | D:3      | Found an iron altar of Okawaru.
  2378 | D:4      | Slain by a gnoll

Illustrated notes

Levels and vault maps discovered:
D:1:      giann_horns, layout_loops_ring, shapermc_ecumenical_altar_pompeii
D:2:      minmay_door_path, layout_basic
D:3:      layout_basic, dk_yredelemnul_ordeal,
          mainiacjoe_overflow_six_doors_small, chequers_serial_rivers_small_a
D:4:      layout_gridville

Skill      XL: |  1  2  3 |
---------------+----------+-----
Fighting       | 4 |  4.5
Axes           | 4 |  4.4
Armour         | 3 |  3.5
Dodging        | 3 |  3.1

Action                     |  1- 3 |  4- 6 || total
---------------------------+-------+-------++-------
  Melee: Hand axe          |   107 |    16 ||   123
         Headbutt          |    19 |     1 ||    20
 Invoke: Trog's Hand       |       |     1 ||     1
    Use: Potion            |       |     2 ||     2
   Stab: Sleeping          |     1 |       ||     1
 Armour: Animal skin       |    48 |    18 ||    66
  Dodge: Dodged            |    59 |     9 ||    68

Table legend: (Time is in decaauts)
 A = Elapsed time spent in this place.
 B = Non-inter-level travel time spent in this place.
 C = Inter-level travel time spent in this place.
 D = Time resting spent in this place.
 E = Time spent auto-exploring this place.
 F = Levels seen in this place.
 G = Mean time per level.
                   A        B        C        D        E       F      G
               +--------+--------+--------+--------+--------+-----+--------+
         Total |   2389 |   2303 |     86 |      0 |   1966 |   4 |  597.2 |
       Dungeon |   2389 |   2303 |     86 |      0 |   1966 |   4 |  597.2 |
               +--------+--------+--------+--------+--------+-----+--------+

Top non-repeatable levels by time:
     D:2: 845 daAuts
     D:1: 809 daAuts
     D:3: 593 daAuts
     D:4: 141 daAuts
